 Dungeon Crawl Stone Soup version 0.24.1-14-gf8d2b509d9 (webtiles) character file.

Game seed: 7494450654859577939, levelgen mode: deterministic

12 Descartes the Charmwright (level 2, 0/19 HPs)
             Began as a Felid Skald on June 1, 2020.
             Succumbed to a goblin's poison
             ... on level 1 of the Dungeon.
             The game lasted 00:01:02 (315 turns).

Descartes the Charmwright (Felid Skald)              Turns: 315, Time: 00:01:02

Health: 0/19       AC:  1    Str: 12    XL:     2   Next: 20%
Magic:  6/6        EV: 18    Int: 14    God:
Gold:   33         SH:  0    Dex: 15    Spells: 4/5 levels left
                                        Lives:  0   Deaths: 0

rFire    . . .     SeeInvis +     - Unarmed
rCold    . . .     Gourm    .   (shield unavailable)
rNeg     . . .     Faith    .   (armour unavailable)
rPois    .         Spirit   .   (helmet unavailable)
rElec    .         Reflect  .   (cloak unavailable)
rCorr    .         Harm     .   (gloves unavailable)
MR       .....                  (boots unavailable)
Stlth    ..........             (no amulet)
HPRegen  0.06/turn              (no ring)
MPRegen  0.10/turn              (no ring)

@: berserking, lethally poisoned (0 -> -7), very quick
A: very small, no armour, no weapons or thrown items, stealth, claws 1, fangs 3,
see invisible, carnivore, speed 1, shaggy fur 1, slow metabolism 1, sharp paws
a: no special abilities


You were on level 1 of the Dungeon.
You were very full.

You visited 1 branch of the dungeon, and saw 1 of its levels.

You collected 33 gold pieces.

Inventory:

Missiles
 d - 18 stones
Scrolls
 c - a scroll of fog {unknown}
Potions
 a - a potion of lignification {unknown}
Comestibles
 b - a ration


   Skills:
 + Level 2.0 Fighting
 + Level 3.3 Dodging
 * Level 1.1 Stealth
 * Level 2.2 Unarmed Combat
 + Level 2.1 Spellcasting
 * Level 3.9 Charms


You had 4 spell levels left.
You knew the following spells:

 Your Spells              Type           Power        Failure   Level  Hunger
a - Infusion              Chrm           ##..         4%          1    ##.....

Your spell library contained the following spells:

 Spells                   Type           Power        Failure   Level  Hunger
 Song of Slaying          Chrm           ##......     7%          2    ###....
 Shroud of Golubria       Chrm/Tloc      #.....       16%         2    ###....
 Regeneration             Chrm/Necr      #.........   32%         3    ####...
 Spectral Weapon          Hex/Chrm       Unusable     N/A         3    N/A

Dungeon Overview and Level Annotations

Branches:
Dungeon (1/15)

Altars:


Innate Abilities, Weirdness & Mutations

You cannot wear armour.
You are incapable of wielding weapons or throwing items.
Your paws allow you to move quietly. (Stealth)
You have sharp claws.
You have razor-sharp teeth.
You have supernaturally acute eyesight. (SInv)
You are carnivorous and can eat meat at any time.
You cover ground quickly.
You are covered in fur. (AC +1)
You have a slow metabolism.
Your sharp claws are effective at attacking unaware monsters.


Message History

The goblin hits you with a +0 dagger.
You are too injured to fight recklessly!
You closely miss the goblin.
You feel sick. The goblin hits you with a +0 dagger.
* * * LOW HITPOINT WARNING * * *
You scratch the goblin but do no damage.
You bite the goblin.
The goblin is heavily wounded.
The goblin closely misses you.
You closely miss the goblin.
The goblin is heavily wounded.
* * * LOW HITPOINT WARNING * * *
You feel sick. The goblin misses you.
You closely miss the goblin.
The goblin is heavily wounded.
The goblin barely misses you.
It was a potion of berserk rage.
A red film seems to cover your vision as you go berserk!
You feel yourself moving faster!
You feel mighty!
You die...

# .# ##.# .# .#. ###.#
##.. ## #.. .... ###..
.# #.# #.[# ...###.. #.#
#.. ####..#..# #.# #g#
#..)....# #.# #@#
#.####.## #.# #)#
#####.# #.#
#######.####.# #>....#
#.## .............#
#.##### #..#
######...##### #.# ###
##.# #...#######.###.##
#.#
###.##...##.##...####.##
#.....................
##....#.#..##....###.##


You could see a goblin.

Vanquished Creatures
  2 dart slugs (D:1)
  2 goblins (D:1)
  A kobold (D:1)
  4 rats (D:1)
9 creatures vanquished.

Notes
Turn   | Place    | Note
-------+----------+-------------------------------------------
     0 | D:1      | Descartes the Felid Skald began the quest for the Orb.
     0 | D:1      | Reached XP level 1. HP: 9/9 MP: 4/4
    44 | D:1      | Reached skill level 1 in Stealth
    44 | D:1      | Reached XP level 2. HP: 6/13 MP: 6/6
   315 | D:1      | Succumbed to a goblin's poison

Levels and vault maps discovered:
D:1:      lightli_iron_boxes, layout_loops_ring, serial_forest,
          infiniplex_forest_straight_1, infiniplex_forest_end_1,
          infiniplex_forest_fountain, infiniplex_forest_straight_4,
          infiniplex_forest_straight_2, infiniplex_forest_clump_curved,
          infiniplex_forest_clump_small, ebering_dispersal_statue_hall

Skill      XL: |  1 |
---------------+----+-----
Stealth        | 1 |  1.1
Fighting       | |  2.0
Dodging        | |  3.3
Unarmed Combat | |  2.2
Spellcasting   | |  2.1
Charms         | |  3.9

Action                   || total
-------------------------++-------
Melee: Unarmed           ||    24
       Bite              ||     6
  Use: Potion            ||     1
 Stab: Sleeping          ||     1
  Eat: Chunk             ||     5
Armor: Skin              ||     1
Dodge: Dodged            ||    16
